 Dungeon Crawl Stone Soup version 0.31-a0-182-gc5ef74bbde (webtiles) character file.

Game seed: 6933246935876668369

177 qw the Chopper (level 5, -1/32 HPs)
             Began as a Gargoyle Fighter on June 20, 2023.
             Slain by a gnoll
             ... wielding a +0 flail
              (6 damage)
             ... on level 3 of the Dungeon.
             The game lasted 00:00:56 (1849 turns).

qw the Chopper (Gargoyle Fighter)                   Turns: 1849, Time: 00:00:57

Health: -1/32      AC: 13    Str: 22    XL:     5   Next: 57%
Magic:  5/5        EV:  8    Int:  8    God:
Gold:   51         SH:  4    Dex:  9    Spells: 4/4 levels left

rFire   . . .        Y - +0 war axe
rCold   . . .        c - +0 buckler
rNeg    + . .        g - +0 chain mail
rPois   inf          (no helmet)
rElec   +            (no cloak)
rCorr   +            (no gloves)
SInv    .            (no boots)
Will    .....        (no amulet) Stlth
                     k - ring of resist corrosion
HPRegen 0.25/turn    (no ring)
MPRegen 0.09/turn

%: no passive effects
@: no status effects
A: sickness immunity, AC +4, negative energy resistance 1, electricity
resistance, torment resistance 1, petrification resistance
a: no special abilities


You were on level 3 of the Dungeon.
You visited 1 branch of the dungeon, and saw 3 of its levels.

You collected 51 gold pieces.


Innate Abilities, Weirdness & Mutations

You are immune to sickness and miasma.
Your stone body is resilient. (AC +4)
You are immune to poison.
You resist negative energy. (rN+)
You are resistant to electric shocks. (rElec)
You are resistant to unholy torment.
You are immune to petrification.


   Skills:
 + Level 3.5 Fighting
 - Level 5.0 Axes
 - Level 3.2 Armour
 - Level 3.2 Shields


You had 4 spell levels left.
You didn't know any spells.
Your spell library was empty.

Inventory:

Hand Weapons
 i - a +0 flail
 Y - a +0 war axe (weapon)
Missiles
 j - 2 boomerangs (quivered)
Armour
 c - a +0 buckler (worn)
 g - a +0 chain mail (worn)
Jewellery
 a - a ring of see invisible
 k - a ring of resist corrosion (left hand)
Scrolls
 f - 3 scrolls of identify {unknown}
 h - a scroll of teleportation {unknown}
Potions
 b - a potion of ambrosia {unknown}
 d - a potion of might
 e - a potion of resistance {unknown}

Dungeon Overview and Level Annotations

Branches:
Dungeon (3/15)

Altars:


Message History

You closely miss the gnoll.
The gnoll is moderately wounded.
You hit the gnoll. The gnoll closely misses you.
The gnoll hits you with a +0 whip!
You hit the gnoll.
The gnoll is almost dead.
You closely miss the gnoll. The gnoll completely misses you.
The gnoll hits you but does no damage. The gnoll closely misses you.
The gnoll hits you but does no damage.
You hit the gnoll but do no damage.
The gnoll is almost dead.
You barely miss the gnoll. The gnoll hits you with a +0 spear.
The gnoll closely misses you.
You barely miss the gnoll.
The gnoll is almost dead.
You barely miss the gnoll.
The gnoll hits you but does no damage. x2
You slash the gnoll!
You kill the gnoll!
You hit the gnoll but do no damage. The gnoll hits you but does no damage.
The gnoll closely misses you. The gnoll hits you with a +0 flail.
You hit the gnoll but do no damage.
The gnoll is moderately wounded.
You barely miss the gnoll. The gnoll hits you with a +0 spear!
The gnoll hits you with a +0 flail.
You barely miss the gnoll.
The gnoll is moderately wounded.
You completely miss the gnoll. The gnoll hits you with a +0 flail.
The gnoll barely misses you.
You closely miss the gnoll.
The gnoll is moderately wounded.
You hit the gnoll. The gnoll hits you but does no damage.
You block the gnoll's attack.
You closely miss the gnoll.
The gnoll is moderately wounded.
You hit the gnoll. The gnoll closely misses you. The gnoll barely misses you.
The gnoll hits you with a +0 flail.
You die...

#.. ## #..
.. ##...
.#####.
....
......
...#
.#..####
#..
.#......
#g#......#
#g@##..#
##.....#
###...#
#...#
#.###
#..####
##....#
####.#
#.####


You could see 2 gnolls.

Vanquished Creatures
  An orc wizard (D:3)
  5 gnolls
  4 adders (D:2)
  A worm (D:2)
  A dart slug (D:3)
  3 orcs (D:3)
  12 ball pythons
  5 bats
  2 endoplasms (D:1)
  3 giant cockroaches
  4 goblins
  4 hobgoblins
  2 quokkas (D:1)
  8 frilled lizards
  3 kobolds
  7 rats
65 creatures vanquished.

Notes
Turn   | Place    | Note
-------+----------+-------------------------------------------
     0 | D:1      | qw the Gargoyle Fighter began the quest for the Orb.
     0 | D:1      | Reached XP level 1. HP: 14/14 MP: 1/1
     0 | D:1      | 0 ||| qw: Version: 0.3-a-9-g12657ce
     0 | D:1      | 0 ||| qw: Game counter: 1442
     0 | D:1      | 0 ||| qw: Always use a shield: true
     0 | D:1      | 0 ||| qw: God list: Okawaru
     0 | D:1      | 0 ||| qw: Allow faded altars: false
     0 | D:1      | 0 ||| qw: Do Orc after D:15 true
     0 | D:1      | 0 ||| qw: Do second Lair branch before Depths: true
     0 | D:1      | 0 ||| qw: Lair rune preference: random
     0 | D:1      | 0 ||| qw: Plans: Normal, Zot:1-4, Slime:5, God:TSO, Crypt,
                  | Tomb, Abyss, Pan, Hells, Win
     0 | D:1      | 0 ||| PLANNING D:1-11
    95 | D:1      | 95 ||| Stepping ~*~*~tactically~*~*~ (stealth).
   100 | D:1      | 100 ||| Stepping ~*~*~tactically~*~*~ (stealth).
   108 | D:1      | Reached skill level 2 in Axes
   168 | D:1      | 168 ||| DROPPING +0 club.
   172 | D:1      | Reached XP level 2. HP: 19/19 MP: 2/2
   445 | D:1      | Reached skill level 3 in Axes
   665 | D:1      | Reached XP level 3. HP: 23/23 MP: 3/3
  1037 | D:1      | 1037 ||| UPGRADING to +0 chain mail.
  1047 | D:1      | 1047 ||| DROPPING +0 scale mail.
  1048 | D:1      | 1048 ||| DROPPING orb of light.
  1049 | D:1      | 1049 ||| UPGRADING to ring of resist corrosion.
  1050 | D:1      | 1050 ||| READING scroll labelled SAILOS LOMUFAIV.
  1051 | D:1      | 1051 ||| READING scroll labelled DOPTIOTZOJAMP.
  1052 | D:1      | 1052 ||| READING scroll labelled ESHRUST DOUME.
  1053 | D:1      | 1053 ||| READING scroll labelled NAFUORPH HIGHAOC.
  1285 | D:2      | 1285 ||| Stepping ~*~*~tactically~*~*~ (hiding).
  1287 | D:2      | 1287 ||| Stepping ~*~*~tactically~*~*~ (hiding).
  1298 | D:2      | Reached skill level 4 in Axes
  1298 | D:2      | Reached XP level 4. HP: 28/28 MP: 4/4
  1347 | D:2      | Reached XP level 5. HP: 16/32 MP: 5/5
  1546 | D:2      | You fall into a shaft and drop 1 floor!
  1663 | D:3      | 1663 ||| Stepping ~*~*~tactically~*~*~ (hiding).
  1664 | D:3      | 1664 ||| Stepping ~*~*~tactically~*~*~ (hiding).
  1680 | D:3      | 1680 ||| Stepping ~*~*~tactically~*~*~ (stealth).
  1686 | D:3      | 1686 ||| Stepping ~*~*~tactically~*~*~ (hiding).
  1692 | D:3      | Reached skill level 5 in Axes
  1847 | D:3      | HP: 4/32 [gnoll/+0 flail (5)]
  1849 | D:3      | Slain by a gnoll

Levels and vault maps discovered:
D:1:      dpeg_arrival_circle_labyrinth_c, layout_loops_ring, serial_rivers,
          chequers_serial_rivers_small_a, chequers_serial_rivers_micro_b,
          chequers_serial_rivers_marsh, chequers_serial_rivers_small_b,
          chequers_serial_rivers_room_b
D:2:      layout_rooms, hangedman_decor_growths
D:3:      layout_basic, grunt_temple_overflow_order_and_chaos_1,
          trog_antimagical, okawaru_metal_pillars_3, serial_curves,
          eino_curves_01, eino_curves_04, uniq_grinder

Skill      XL: |  1  2  3  4  5 |
---------------+----------------+-----
Axes           | 2 3 4 5 |  5.0
Fighting       | |  3.5
Armour         | |  3.2
Shields        | |  3.2

Action                     |  1- 3 |  4- 6 || total
---------------------------+-------+-------++-------
  Melee: War axe           |    80 |    88 ||   168
  Throw: Boomerang         |       |     4 ||     4
    Use: Scroll            |     4 |       ||     4
 Armour: Scale mail        |    16 |       ||    16
         Chain mail        |    21 |    58 ||    79
  Dodge: Dodged            |    27 |    44 ||    71
  Block: Buckler           |    21 |    20 ||    41

Table legend:
 A = Non-vault XP
 B = Vault XP
 C = Vault XP percentage of total XP
 D = Non-vault monster count
 E = Vault monster count
 F = Vault count percentage of total count
                 A         B        C        D         E       F
            +---------+---------+-------+---------+---------+-------
      Total |     253 |       0 |   0.0 |      65 |       0 |   0.0
            +---------+---------+-------+---------+---------+-------
        D:1 |      37 |       0 |   0.0 |      23 |       0 |   0.0
        D:2 |     139 |       0 |   0.0 |      26 |       0 |   0.0
        D:3 |      77 |       0 |   0.0 |      16 |       0 |   0.0
            +---------+---------+-------+---------+---------+-------
